| TOP OF THE 1ST |
|
Cincinnati Reds batting - Pitching for San Diego Padres : RHP Brian Allard
|
|
Pitching: RHP Brian Allard
|
|
|
Batting: RHB Gary Matthews
|
0-0: Ball 1-0: Called Strike 1-1: Ball 2-1: Foul Ball, location: 2F 2-2: Ball 3-2: SINGLE (Line Drive, 89M, EV 98.1 MPH)
|
|
Batting: LHB Joseph Talley
|
0-0: Swinging Strike 0-1: Called Strike 0-2: Strikes out swinging
|
|
Batting: LHB Darrell Evans
|
0-0: Ball Gary Matthews is caught stealing 2nd base 2-6 1-0: Ball 2-0: Called Strike 2-1: Called Strike 2-2: Ball 3-2: SINGLE (Line Drive, 6MD, EV 96.3 MPH)
|
|
Batting: RHB Bill Melton
|
0-0: Ball 1-0: Ball 2-0: Foul Ball, location: 2F 2-1: Ball 3-1: Fielders Choice at 2nd, U4 (Groundball, 4M, EV 88.8 MPH)
|
| Top of the 1st over - 0 runs, 2 hits, 0 errors, 1 left on base; Cincinnati 0 - San Diego 0 |
| BOTTOM OF THE 1ST |
|
San Diego Padres batting - Pitching for Cincinnati Reds : RHP Gary Nolan
|
|
Pitching: RHP Gary Nolan
|
|
|
Batting: RHB Bob Dernier
|
0-0: Foul Ball, location: 2F 0-1: Bunted foul 0-2: Strikes out swinging
|
|
Batting: LHB Jerry McDonald
|
0-0: Fly out, F8 (Flyball, 8RS, EV 90.6 MPH)
|
|
Batting: LHB Tom Dunbar
|
0-0: Foul Ball, location: 2F 0-1: Ball 1-1: SINGLE (Groundball, 13S, EV 70.6 MPH) (infield hit)
|
|
Batting: RHB Dennis Dungy
|
0-0: Ball 1-0: Ball 2-0: Foul Ball, location: 2F 2-1: Foul Ball, location: 2F 2-2: Ball 3-2: Fly out, F7 (Flyball, 7, EV 81.3 MPH)
|
| Bottom of the 1st over - 0 runs, 1 hit, 0 errors, 1 left on base; Cincinnati 0 - San Diego 0 |
| TOP OF THE 2ND |
|
Cincinnati Reds batting - Pitching for San Diego Padres : RHP Brian Allard
|
|
Batting: RHB Nick Deurloo
|
0-0: Called Strike 0-1: Swinging Strike 0-2: Ball 1-2: Strikes out looking
|
|
Batting: RHB Jim Anderson
|
0-0: Ball 1-0: Called Strike 1-1: Ball 2-1: Foul Ball, location: 2F 2-2: Ground out 2-3 (Groundball, 15S, EV 70.6 MPH)
|
|
Batting: RHB Jesus Alfaro
|
0-0: Ball 1-0: Swinging Strike 1-1: Foul Ball, location: 2F 1-2: DOUBLE (Groundball, 5L, EV 95.6 MPH)
|
|
Batting: RHB Tracy Cowger
|
0-0: Ball 1-0: Ball 2-0: Ball 3-0: Called Strike 3-1: Swinging Strike 3-2: DOUBLE (Line Drive, 89D, EV 110.0 MPH) Jesus Alfaro scores
|
|
Batting: RHB Gary Nolan
|
0-0: Ball 1-0: Ball 2-0: Foul Ball, location: 2F 2-1: Foul Ball, location: 2F 2-2: Strikes out looking
|
| Top of the 2nd over - 1 run, 2 hits, 0 errors, 1 left on base; Cincinnati 1 - San Diego 0 |
| BOTTOM OF THE 2ND |
|
San Diego Padres batting - Pitching for Cincinnati Reds : RHP Gary Nolan
|
|
Batting: LHB Darrell Porter
|
0-0: Ball 1-0: Called Strike 1-1: SINGLE (Groundball, 4MD, EV 103.8 MPH)
|
|
Batting: RHB Dave Edler
|
0-0: Ball 1-0: Called Strike 1-1: Called Strike 1-2: Ball 2-2: Fly out, F9 (Flyball, 9, EV 89.4 MPH)
|
|
Batting: RHB Mike Calise
|
0-0: Called Strike 0-1: Ball 1-1: DOUBLE (Line Drive, 7LM, EV 99.4 MPH) Darrell Porter to third Runner from 3rd tries for Home, SAFE, throw by LF to trailing runner, SAFE at third!
|
|
Batting: LHB Jeffrey Zitek
|
0-0: Ball 1-0: Ball 2-0: 2-RUN HOME RUN (Flyball, 7D, EV 97.5 MPH), Distance : 382 ft
|
|
Batting: RHB Brian Allard
|
0-0: Ground out 5-3 (Groundball, 56S, EV 83.8 MPH)
|
|
Batting: RHB Bob Dernier
|
0-0: Ball 1-0: Called Strike 1-1: Ball 2-1: Called Strike 2-2: Fly out, F9 (Flyball, 89D, EV 85.6 MPH)
|
| Bottom of the 2nd over - 3 runs, 3 hits, 0 errors, 0 left on base; Cincinnati 1 - San Diego 3 |
| TOP OF THE 3RD |
|
Cincinnati Reds batting - Pitching for San Diego Padres : RHP Brian Allard
|
|
Batting: RHB Gary Matthews
|
0-0: Ball 1-0: Fly out, F8 (Flyball, 8LS, EV 72.5 MPH)
|
|
Batting: LHB Joseph Talley
|
0-0: Ball 1-0: Ball 2-0: Ball 3-0: Called Strike 3-1: SINGLE (Groundball, 5S, EV 69.4 MPH) (infield hit)
|
|
Batting: LHB Darrell Evans
|
0-0: Called Strike 0-1: Ball 1-1: Foul Ball, location: 2F 1-2: Grounds into double play, 4-6-3 (Groundball, 4, EV 91.9 MPH)
|
| Top of the 3rd over - 0 runs, 1 hit, 0 errors, 0 left on base; Cincinnati 1 - San Diego 3 |
| BOTTOM OF THE 3RD |
|
San Diego Padres batting - Pitching for Cincinnati Reds : RHP Gary Nolan
|
|
Batting: LHB Jerry McDonald
|
0-0: Fly out, F8 (Flyball, 8RS, EV 92.5 MPH)
|
|
Batting: LHB Tom Dunbar
|
0-0: Ground out 5-3 (Groundball, 56, EV 87.5 MPH)
|
|
Batting: RHB Dennis Dungy
|
0-0: Ball 1-0: Called Strike 1-1: Foul Ball, location: 2F 1-2: Ball 2-2: Strikes out looking
|
| Bottom of the 3rd over - 0 runs, 0 hits, 0 errors, 0 left on base; Cincinnati 1 - San Diego 3 |
| TOP OF THE 4TH |
|
Cincinnati Reds batting - Pitching for San Diego Padres : RHP Brian Allard
|
|
Batting: RHB Bill Melton
|
0-0: Foul Ball, location: 2F 0-1: Foul Ball, location: 2F 0-2: Fly out, F9 (Flyball, 9LD, EV 92.5 MPH)
|
|
Batting: RHB Nick Deurloo
|
0-0: Foul Ball, location: 2F 0-1: Ball 1-1: Swinging Strike 1-2: Ball 2-2: Ball 3-2: Foul Ball, location: 2F 3-2: Ground out 4-3 (Groundball, 4, EV 87.5 MPH)
|
|
Batting: RHB Jim Anderson
|
0-0: SINGLE (Flyball, 4D, EV 91.3 MPH)
|
|
Batting: RHB Jesus Alfaro
|
0-0: Called Strike 0-1: Ball 1-1: Called Strike 1-2: SINGLE (Groundball, 6MD, EV 94.4 MPH) Jim Anderson to second Runner from 2nd tries for 3rd, SAFE, no throw by CF
|
|
Batting: RHB Tracy Cowger
|
0-0: Called Strike 0-1: Foul Ball, location: 2F 0-2: Ball 1-2: Fly out, F9 (Line Drive, 9, EV 99.4 MPH)
|
| Top of the 4th over - 0 runs, 2 hits, 0 errors, 2 left on base; Cincinnati 1 - San Diego 3 |
| BOTTOM OF THE 4TH |
|
San Diego Padres batting - Pitching for Cincinnati Reds : RHP Gary Nolan
|
|
Batting: LHB Darrell Porter
|
0-0: Foul Ball, location: 2F 0-1: Fly out, F8 (Flyball, 78M, EV 87.5 MPH)
|
|
Batting: RHB Dave Edler
|
0-0: Fly out, F7 (Flyball, 78D, EV 104.4 MPH)
|
|
Batting: RHB Mike Calise
|
0-0: Ball 1-0: Foul Ball, location: 2F 1-1: Ball 2-1: Ball 3-1: Foul Ball, location: 2F 3-2: Ground out 4-3 (Groundball, 4, EV 91.9 MPH)
|
| Bottom of the 4th over - 0 runs, 0 hits, 0 errors, 0 left on base; Cincinnati 1 - San Diego 3 |
| TOP OF THE 5TH |
|
Cincinnati Reds batting - Pitching for San Diego Padres : RHP Brian Allard
|
|
Batting: RHB Gary Nolan
|
0-0: Swinging Strike 0-1: Foul Ball, location: 2F 0-2: Strikes out swinging
|
|
Batting: RHB Gary Matthews
|
0-0: Called Strike 0-1: SINGLE (Line Drive, 89S, EV 103.8 MPH)
|
|
Batting: LHB Joseph Talley
|
0-0: Ball 1-0: Ball 2-0: Ball 3-0: Called Strike 3-1: Base on Balls Gary Matthews to second
|
|
Batting: LHB Darrell Evans
|
0-0: Called Strike 0-1: Ball 1-1: Ball 2-1: 3-RUN HOME RUN (Flyball, 78XD, EV 100.6 MPH), Distance : 407 ft
|
|
Batting: RHB Bill Melton
|
0-0: Called Strike 0-1: SINGLE (Groundball, 56D, EV 110.6 MPH)
|
|
Batting: RHB Nick Deurloo
|
0-0: Swinging Strike 0-1: Swinging Strike 0-2: Ball 1-2: Ball 2-2: Ball 3-2: Fly out, F8 (Flyball, 8RS, EV 86.3 MPH)
|
|
Batting: RHB Jim Anderson
|
0-0: Ball 1-0: Fielders Choice at 2nd, 6-4 (Groundball, 6, EV 86.3 MPH)
|
| Top of the 5th over - 3 runs, 3 hits, 0 errors, 1 left on base; Cincinnati 4 - San Diego 3 |
| BOTTOM OF THE 5TH |
|
San Diego Padres batting - Pitching for Cincinnati Reds : RHP Gary Nolan
|
|
Batting: LHB Jeffrey Zitek
|
0-0: Ball 1-0: Ball 2-0: Called Strike 2-1: Called Strike 2-2: Foul Ball, location: 2F 2-2: Strikes out looking
|
|
Batting: RHB Brian Allard
|
0-0: Foul Ball, location: 2F 0-1: Foul Ball, location: 2F 0-2: Strikes out swinging
|
|
Batting: RHB Bob Dernier
|
0-0: Ball 1-0: Foul Ball, location: 2F 1-1: Ball 2-1: Swinging Strike 2-2: Foul Ball, location: 2F 2-2: Strikes out swinging
|
| Bottom of the 5th over - 0 runs, 0 hits, 0 errors, 0 left on base; Cincinnati 4 - San Diego 3 |
| TOP OF THE 6TH |
|
Cincinnati Reds batting - Pitching for San Diego Padres : RHP Brian Allard
|
|
Batting: RHB Jesus Alfaro
|
0-0: Swinging Strike 0-1: Called Strike 0-2: Strikes out looking
|
|
Pitching: LHP Jack W O'Connor
|
|
|
Batting: RHB Tracy Cowger
|
0-0: Foul Ball, location: 2F 0-1: Ground out 4-3 (Groundball, 4, EV 108.8 MPH)
|
|
Batting: RHB Gary Nolan
|
0-0: Ground out 6-3 (Groundball, P, EV 87.5 MPH)
|
| Top of the 6th over - 0 runs, 0 hits, 0 errors, 0 left on base; Cincinnati 4 - San Diego 3 |
| BOTTOM OF THE 6TH |
|
San Diego Padres batting - Pitching for Cincinnati Reds : RHP Gary Nolan
|
|
Batting: LHB Jerry McDonald
|
0-0: Called Strike 0-1: Foul Ball, location: 2F 0-2: SINGLE (Flyball, 8LS, EV 87.5 MPH)
|
|
Batting: LHB Tom Dunbar
|
0-0: Ball Wild Pitch! Jerry McDonald to second 1-0: Foul Ball, location: 2F 1-1: Swinging Strike 1-2: Foul Ball, location: 2F 1-2: Ball 2-2: Foul Ball, location: 2F 2-2: Foul Ball, location: 2F 2-2: Ball 3-2: Ground out 5-3 (Groundball, 56S, EV 88.1 MPH)
|
|
Batting: RHB Dennis Dungy
|
0-0: Ball 1-0: Ball Jerry McDonald is caught stealing 3rd base 2-5 2-0: Foul Ball, location: 2F 2-1: Called Strike 2-2: Foul Ball, location: 2F 2-2: Ball 3-2: Fly out, F6 (Flyball, 5D, EV 77.5 MPH)
|
| Bottom of the 6th over - 0 runs, 1 hit, 0 errors, 0 left on base; Cincinnati 4 - San Diego 3 |
| TOP OF THE 7TH |
|
Cincinnati Reds batting - Pitching for San Diego Padres : LHP Jack W O'Connor
|
|
Batting: RHB Gary Matthews
|
0-0: Ball 1-0: Ball 2-0: Called Strike 2-1: Called Strike 2-2: Ball 3-2: Base on Balls
|
|
Batting: LHB Joseph Talley
|
0-0: Bunt missed! 0-1: Ball 1-1: Sac Bunt to 2R - play at first, batter OUT! 2-4 Gary Matthews to second
|
|
Batting: LHB Darrell Evans
|
0-0: Ball Gary Matthews steals 3rd base 1-0: Ball 2-0: Ball 3-0: Called Strike 3-1: Swinging Strike 3-2: Foul Ball, location: 2F 3-2: Strikes out looking
|
|
Batting: RHB Bill Melton
|
0-0: Ball 1-0: Called Strike 1-1: Foul Ball, location: 2F 1-2: Foul Ball, location: 2F 1-2: Ball 2-2: Fly out, F9 (Flyball, 9, EV 87.5 MPH)
|
| Top of the 7th over - 0 runs, 0 hits, 0 errors, 1 left on base; Cincinnati 4 - San Diego 3 |
| BOTTOM OF THE 7TH |
|
San Diego Padres batting - Pitching for Cincinnati Reds : RHP Gary Nolan
|
|
Batting: LHB Darrell Porter
|
0-0: Swinging Strike 0-1: Foul Ball, location: 2F 0-2: Foul Ball, location: 2F 0-2: Ball 1-2: Strikes out swinging
|
|
Batting: RHB Dave Edler
|
0-0: Ball 1-0: Called Strike 1-1: Fly out, F3 (Popup, 3F, EV 81.3 MPH)
|
|
Batting: RHB Mike Calise
|
0-0: Ball 1-0: SINGLE (Groundball, 6MD, EV 97.5 MPH)
|
|
Batting: LHB Jeffrey Zitek
|
0-0: Called Strike 0-1: Ball 1-1: Ball 2-1: Foul Ball, location: 2F 2-2: Foul Ball, location: 2F 2-2: Ball 3-2: Strikes out swinging
|
| Bottom of the 7th over - 0 runs, 1 hit, 0 errors, 1 left on base; Cincinnati 4 - San Diego 3 |
| TOP OF THE 8TH |
|
Cincinnati Reds batting - Pitching for San Diego Padres : LHP Jack W O'Connor
|
|
Batting: RHB Nick Deurloo
|
0-0: Called Strike 0-1: Ball 1-1: Called Strike 1-2: Ball 2-2: Foul Ball, location: 2F 2-2: DOUBLE (Flyball, 89D, EV 98.8 MPH)
|
|
Batting: RHB Jim Anderson
|
0-0: Ball 1-0: Ball 2-0: Called Strike 2-1: Ball 3-1: Base on Balls
|
|
Batting: RHB Jesus Alfaro
|
0-0: Foul Ball, location: 2F 0-1: Called Strike 0-2: Ball 1-2: Strikes out swinging
|
|
Batting: RHB Tracy Cowger
|
0-0: Ball 1-0: Ball 2-0: Called Strike 2-1: Fly out, F8 (Line Drive, 8RM, EV 99.4 MPH)
|
|
Pinch Hitting: RHB Marco Mosquera
|
0-0: Foul Ball, location: 2F 0-1: Swinging Strike 0-2: Fielders Choice at 2nd, U4 (Groundball, 4M, EV 78.1 MPH)
|
| Top of the 8th over - 0 runs, 1 hit, 0 errors, 2 left on base; Cincinnati 4 - San Diego 3 |
| BOTTOM OF THE 8TH |
|
San Diego Padres batting - Pitching for Cincinnati Reds : RHP Gary Nolan
|
|
Pitching: RHP Jay Dillard
|
|
|
Pinch Hitting: LHB Chris Chambliss
|
0-0: Foul Ball, location: 5F, Error on foul ball, E5 0-1: Ball 1-1: Swinging Strike 1-2: Foul Ball, location: 2F 1-2: Ball 2-2: Ball 3-2: Base on Balls
|
|
Batting: RHB Bob Dernier
|
0-0: Sac Bunt to P - play at first, batter OUT! 1-3 Chris Chambliss to second
|
|
Batting: LHB Jerry McDonald
|
0-0: Fly out, F5 (Popup, 56, EV 65.6 MPH)
|
|
Batting: LHB Tom Dunbar
|
0-0: Ball 1-0: Foul Ball, location: 2F 1-1: Ball 2-1: Fly out, F8 (Flyball, 89M, EV 89.4 MPH)
|
| Bottom of the 8th over - 0 runs, 0 hits, 1 error, 1 left on base; Cincinnati 4 - San Diego 3 |
| TOP OF THE 9TH |
|
Cincinnati Reds batting - Pitching for San Diego Padres : LHP Jack W O'Connor
|
|
Pitching: LHP Bill Travers
|
|
|
Batting: RHB Gary Matthews
|
0-0: Ball 1-0: Ball 2-0: Ball 3-0: Called Strike 3-1: Foul Ball, location: 2F 3-2: DOUBLE (Line Drive, 9LM, EV 93.1 MPH)
|
|
Batting: LHB Joseph Talley
|
0-0: Called Strike 0-1: Ball 1-1: Foul Ball, location: 2F 1-2: Ball 2-2: Ground out 4-3 (Groundball, 4, EV 87.5 MPH) Gary Matthews to third
|
|
Batting: LHB Darrell Evans
|
0-0: Ball 1-0: Ball 2-0: Foul Ball, location: 2F 2-1: Ball 3-1: Called Strike 3-2: Fly out, F7 (Flyball, 78M, EV 88.1 MPH) Runner from 3rd tags up, SCORES, throw by LF
|
|
Batting: RHB Bill Melton
|
0-0: Ball 1-0: Called Strike 1-1: Foul Ball, location: 2F 1-2: Fly out, F7 (Flyball, 78M, EV 96.9 MPH)
|
| Top of the 9th over - 1 run, 1 hit, 0 errors, 0 left on base; Cincinnati 5 - San Diego 3 |
| BOTTOM OF THE 9TH |
|
San Diego Padres batting - Pitching for Cincinnati Reds : RHP Jay Dillard
|
|
Batting: RHB Dennis Dungy
|
0-0: Called Strike 0-1: Ball 1-1: SINGLE (Groundball, 56S, EV 68.8 MPH) (infield hit)
|
|
Batting: LHB Darrell Porter
|
0-0: Reached on error, E6 (Groundball, 6, EV 80.0 MPH) Dennis Dungy to second
|
|
Pitching: LHP Danny Boone
|
|
|
Batting: RHB Dave Edler
|
0-0: Called Strike 0-1: Ball 1-1: Fly out, F8 (Flyball, 8RM, EV 90.0 MPH)
|
|
Batting: RHB Mike Calise
|
0-0: Called Strike 0-1: Foul Ball, location: 2F 0-2: Strikes out swinging
|
|
Pinch Hitting: RHB Nicky Richards
|
0-0: Foul Ball, location: 2F 0-1: Foul Ball, location: 2F 0-2: Foul Ball, location: 2F 0-2: Ball 1-2: Strikes out swinging
|
| Bottom of the 9th over - 0 runs, 1 hit, 1 error, 2 left on base; Cincinnati 5 - San Diego 3 |
|